 Dungeon Crawl Stone Soup version 0.13-a0-1585-g6f4f798 (webtiles) character file.

1053 Kae the Thrower (level 7, -6/55 HPs)
             Began as a Centaur Hunter on June 12, 2013.
             Was an Initiate of Okawaru.
             Mangled by a warg (9 damage)
             ... on Level 6 of the Dungeon.
             The game lasted 00:10:00 (4111 turns).

Kae the Thrower (Centaur Hunter)                    Turns: 4111, Time: 00:10:00

HP  -6/55        AC  4     Str 15      XL: 7   Next: 29%
MP   4/4         EV  9     Int  8      God: Okawaru [......]
Gold 396         SH  0     Dex 11      Spells:  0 memorised,  6 levels left

Res.Fire  : . . .   See Invis. : .   a - +0,+1 short sword
Res.Cold  : . . .   Warding    : .   d - +0 leather armour
Life Prot.: . . .   Conserve   : .   (no shield)
Res.Poison: .       Res.Corr.  : .   (no helmet)
Res.Elec. : .       Clarity    : .   (no cloak)
Sust.Abil.: . .     Spirit.Shd : .   (no gloves)
Res.Mut.  : .       Stasis     : .   (no barding)
Res.Rott. : .       Flight     : .   (no amulet)
Saprovore : . . .                    (no ring)
                                     s - -2 ring of intelligence

@: very quick, slightly resistant to hostile enchantments, extremely unstealthy
A: hooves 3, deformed body, herbivore 1, speed 2, fast metabolism 1, tough skin
3
a: Renounce Religion


You were on level 6 of the Dungeon.
You worshipped Okawaru.
Okawaru was pleased with you.
You were very hungry.

You visited 1 branch of the dungeon, and saw 6 of its levels.

You collected 376 gold pieces.

Inventory:

Hand weapons
 a - a +0,+1 short sword (weapon)
 b - a +0 blowgun
Missiles
 i - 33 darts
 o - a poisoned dart (quivered)
 r - 22 stones
 D - 4 javelins
 E - a throwing net [torn]
 F - a poisoned needle
Armour
 d - a +0 leather armour (worn)
Magical devices
 q - a wand of teleportation (5) {unknown}
 B - a wand of lightning (7) {unknown}
Comestibles
 c - a meat ration
 f - 7 bread rations
 w - 10 grapes
 x - a lemon
 I - an apple
 L - a pear
Scrolls
 e - a scroll of blinking
 k - 5 scrolls of identify
 n - 4 scrolls of remove curse
 v - 2 scrolls of teleportation {unknown}
 A - a scroll of enchant armour {unknown}
Jewellery
 j - a cursed -3 ring of protection {unknown}
 s - a -2 ring of intelligence (left hand)
Potions
 g - 2 potions of curing
 h - 4 potions of heal wounds {unknown}
 l - a potion of speed {unknown}
 m - a potion of paralysis {unknown}
 p - a potion of magic {unknown}
 t - 2 potions of brilliance {unknown}
 u - a potion of restore abilities {unknown}
 G - a potion of flight {unknown}
 K - a potion of resistance {unknown}
Books
 H - a book of Party Tricks

   Spells                             Type                      Level
   Summon Butterflies                 Summoning                    1
   Apportation                        Translocation                1
   Blink                              Translocation                2
   Alistair's Intoxication            Transmutation/Poison         4
   Tukima's Dance                     Hexes                        5


   Skills:
 - Level 2.0 Fighting
 - Level 0.8 Short Blades
 + Level 11.3 Throwing
 - Level 0.1 Armour
 - Level 1.4 Dodging
 - Level 0.5 Stealth


You had 6 spell levels left.
You didn't know any spells.

Dungeon Overview and Level Annotations

Branches:
Dungeon (6/27)             Temple (0/1) D:6
    Orc: D:6-11

Altars:
Cheibriados
Okawaru


Innate Abilities, Weirdness & Mutations

You have hooves in place of feet.
Armour fits poorly on your strangely shaped body.
You digest meat inefficiently.
You cover ground very quickly.
You have a fast metabolism.
You have extremely tough skin (AC +3).


Message History

You throw a dart. The dart hits the warg.
The warg is heavily wounded.
The warg bites you.
* * * LOW HITPOINT WARNING * * *
The warg claws you but does no damage. The warg barely misses you.
The warg bites you!
* * * LOW HITPOINT WARNING * * *
The warg claws you.
* * * LOW HITPOINT WARNING * * *
The warg claws you but does no damage.
Quiver which item? (- for none, * to show all) (? for menu, Esc to quit)
Quivering
o - 2 poisoned darts for throwing.
Throwing (i - inventory. (,) - cycle):
o - 2 poisoned darts (quivered)
Press: ? - help, Shift-Dir - straight line, f/p - warg
Aim: a warg (heavily wounded)
You throw a poisoned dart. The poisoned dart misses the warg.
The poisoned dart misses the goblin.
The poisoned dart hits something.
The warg stops to sniff the ground.
The warg bites you!
You die... #...#...........# #.##...#.#.#.......# #..g((.#.#.#.#..#### #).#.#.......#..#### .og

#.#g#.#.......... #
#.#(#.#.###.##### # ####
####.#g#........# .
#..####....#h###.###..#######
.####..##.#....#@# #............#
...##..........#.# #............#
........#........###.............
.#.##...#...######...............
##....<..........#.#.##...######.
#.####...%..#####.#)##...######.
............>....................
##........#.####.#.####..>.###...
##########.# #.#.........#


You could see a warg and 2 goblins.

Vanquished Creatures
  An ogre (D:5)
  A sky beast (D:6)
  2 crimson imps (D:5)
  3 iguanas
  A scorpion (D:4)
  3 orc wizards (D:5)
  A worker ant (D:6)
  Terence (D:2)
  4 gnolls (D:3)
  7 adders
  2 adder skeletons (D:5)
  2 worms
  A giant gecko (D:4)
  An ooze (D:3)
  9 orcs
  9 bats
  A giant cockroach (D:1)
  13 hobgoblins
  4 jackals (D:5)
  10 kobolds
  2 quokkas
  A ball python (D:1)
  4 giant newts
  5 goblins
  A goblin skeleton (D:4)
  A kobold zombie (D:5)
  5 rats
95 creatures vanquished.

Notes
Turn   | Place    | Note
--------------------------------------------------------------
     0 | D:1      | Kae, the Centaur Hunter, began the quest for the Orb.
     0 | D:1      | Reached XP level 1. HP: 17/17 MP: 0/0
   459 | D:1      | Reached XP level 2. HP: 24/24 MP: 1/1
   679 | D:2      | Reached skill level 6 in Throwing
   753 | D:2      | Reached XP level 3. HP: 29/29 MP: 2/2
  1029 | D:2      | Noticed Terence
  1038 | D:2      | Killed Terence
  1083 | D:2      | Reached skill level 7 in Throwing
  1345 | D:3      | Reached XP level 4. HP: 37/37 MP: 2/2
  1484 | D:3      | Found a snail-covered altar of Cheibriados.
  1729 | D:3      | Reached skill level 8 in Throwing
  1790 | D:3      | Reached XP level 5. HP: 19/42 MP: 3/3
  2267 | D:4      | Reached skill level 9 in Throwing
  2597 | D:5      | Entered Level 5 of the Dungeon
  2804 | D:5      | Reached XP level 6. HP: 40/49 MP: 4/4
  2807 | D:5      | Noticed an ogre
  2846 | D:5      | Killed an ogre
  2846 | D:5      | Reached skill level 10 in Throwing
  3150 | D:5      | Found an iron altar of Okawaru.
  3159 | D:5      | Became a worshipper of Warmaster Okawaru
  3225 | D:5      | Reached XP level 7. HP: 32/55 MP: 4/4
  3781 | D:6      | Reached skill level 11 in Throwing
  3848 | D:6      | Found a staircase to the Ecumenical Temple.
  4111 | D:6      | Mangled by a warg

Action                   |  1- 3 |  4- 6 |  7- 9 || total
-------------------------+-------+-------+-------++-------
Melee: Short sword       |    19 |    38 |       ||    57
 Fire: Blowgun           |       |    12 |       ||    12
Throw: Javelin           |     9 |     4 |       ||    13
       Dart              |    36 |   116 |    36 ||   188
       Stone             |    23 |     8 |    18 ||    49
       Throwing net      |     2 |     2 |       ||     4
       Spear             |       |    20 |    19 ||    39
  Use: Scroll            |       |     8 |       ||     8
       Potion            |       |     2 |       ||     2
